AoeStats
← ZonTik

Arabia

509556279Analyzed
2v2 RM · 6d ago on Sep 27, 2026· 34m 21s· 4 players
Game mode
Random Map
Map size
Medium (4 player)
Population
200
Speed
Normal
Resources
Standard
Victory
Conquest
Starting age
Dark Age
Ending age
Imperial Age
RankedLock teamsTeams togetherTeam positionsShared explorationLock speedFull tech treeHidden civsTurbo modeCheats
Victory
Defeat
🇦🇷 Vietnamese · Argentina
762
+30
🇦🇷 Portuguese · Argentina
762
+30
🇷🇺 Gurjaras · Russia
648
-11
🇷🇺 Danes · Russia
639
-11
PlaidCrane45843
11:34 Feudal Age
16:00 Castle Age
14:44 Loom
Sandokan
7:30 Loom
9:52 Feudal Age
10:35 Double-Bit Axe
10:34 Horse Collar
14:02 Gold Mining
16:37 Wheelbarrow
17:23 Fletching
18:29 Padded Archer Armor
18:19 Town Watch
22:20 Castle Age
22:16 Bloodlines
23:03 Bodkin Arrow
22:30 Crossbowman
23:26 Squires
23:24 Pikeman
24:35 Heavy Plow
25:18 Husbandry
26:31 Bow Saw
29:43 Forging
29:37 Scale Mail Armor
ZonTik
10:20 Feudal Age
10:57 Double-Bit Axe
13:45 Horse Collar
20:33 Castle Age
18:52 Fletching
19:03 Padded Archer Armor
20:51 Elite Skirmisher
21:29 Bodkin Arrow
23:43 Squires
23:30 Gambesons
24:08 Leather Archer Armor
24:41 Bow Saw
27:18 Elite Skirmisher
31:51 Forging
31:42 Scale Mail Armor
34:07 Iron Casting
33:47 Chain Mail Armor
LadyBoy
9:01 Feudal Age
9:33 Double-Bit Axe
15:12 Horse Collar
18:42 Castle Age
17:12 Stone Mining
18:07 Forging
19:51 Gold Mining
20:09 Scale Barding Armor
25:20 Chain Barding Armor
29:12 Husbandry
30:24 Bow Saw
Connection lost

Rejoining the realm…

Still unreachable

The connection could not be restored.

Session expired

The server has moved on; the page needs a fresh start.